AoeStats
← darador86

Arena

508771060Analyzed
4v4 RM · 10d ago on Sep 24, 2026· 60m 48s· 8 players
Game mode
Random Map
Map size
Large (8 player)
Population
200
Speed
Normal
Resources
Standard
Victory
Conquest
Starting age
Dark Age
Ending age
Imperial Age
RankedLock teamsTeams togetherTeam positionsShared explorationLock speedFull tech treeHidden civsTurbo modeCheats
Victory
Defeat
🇲🇽 Varangians · Mexico
763
+10
🇺🇸 Teutons · United States
695
+12
🇨🇱 Cumans · Chile
323
+27
🇨🇱 Bohemians · Chile
317
+27
🇦🇷 Huns · Argentina
738
-24
🇧🇷 Ethiopians · Brazil
683
-23
🇦🇷 Tatars · Argentina
506
-16
🇵🇪 Persians · Peru
447
-13
ezequielb89
1:20 Loom
13:08 Feudal Age
15:04 Wheelbarrow
14:14 Town Watch
21:39 Double-Bit Axe
22:50 Gold Mining
22:50 Stone Mining
26:05 Man-at-Arms
35:03 Castle Age
32:54 Arson
38:04 Town Patrol
39:45 Squires
39:11 Elite Skirmisher
pavelinhos
11:58 Feudal Age
12:57 Stone Mining
16:23 Castle Age
22:55 Gold Mining
24:12 Fletching
24:36 Double-Bit Axe
25:58 Kamandaran
28:14 Wheelbarrow
27:29 Crossbowman
30:31 Bodkin Arrow
30:45 Town Watch
35:04 Imperial Age
37:17 Ballistics
darador86
12:12 Feudal Age
12:59 Horse Collar
13:08 Double-Bit Axe
18:52 Castle Age
20:22 Gold Mining
20:22 Stone Mining
25:39 Wheelbarrow
24:49 Town Watch
26:51 Bow Saw
27:52 Pikeman
30:42 Elite Skirmisher
34:59 Imperial Age
32:40 Heavy Plow
33:07 Squires
33:58 Marauders
33:50 Man-at-Arms
34:55 Husbandry
36:46 Forging
36:36 Scale Mail Armor
36:42 Scale Barding Armor
36:28 Fletching
36:39 Padded Archer Armor
41:08 Atheism
44:27 Hand Cart
44:12 Town Patrol
44:29 Hand Cart
44:16 Town Patrol
44:34 Hand Cart
44:19 Town Patrol
evairdaniel
6:44 Loom
11:25 Feudal Age
11:56 Double-Bit Axe
12:46 Horse Collar
14:20 Gold Mining
14:21 Stone Mining
21:17 Castle Age
19:56 Scale Mail Armor
22:12 Bow Saw
22:42 Gold Shaft Mining
22:43 Stone Shaft Mining
22:13 Heavy Plow
22:26 Fletching
23:50 Forging
23:42 Padded Archer Armor
29:25 Arson
29:40 Squires
31:05 Husbandry
33:16 Iron Casting
32:56 Chain Mail Armor
33:23 Fortified Wall
34:26 Wheelbarrow
35:43 Leather Archer Armor
35:23 Bodkin Arrow
35:34 Scale Barding Armor
36:29 Murder Holes
39:46 Hand Cart
46:23 Imperial Age
44:17 Elite Skirmisher
ostiinn
0:31 Loom
13:26 Feudal Age
18:04 Castle Age
17:01 Double-Bit Axe
17:00 Horse Collar
17:16 Gold Mining
18:18 Wheelbarrow
19:43 Bow Saw
19:37 Heavy Plow
31:19 Imperial Age
30:25 Bloodlines
30:16 Husbandry
31:22 Squires
31:34 Forging
31:25 Scale Mail Armor
32:31 Conscription
32:20 Pikeman
34:12 Chemistry
34:41 Capped Ram
40:25 Siege Ram
42:13 Iron Casting
44:25 Elite Varangian Guard
45:47 Halberdier
47:39 Chain Mail Armor
48:55 Spies/Treason
55:54 Elite Jarl
55:56 Gothikon
josefaacevedoromo
0:46 Loom
15:06 Feudal Age
15:29 Man-at-Arms
15:54 Arson
19:39 Bloodlines
19:59 Horse Collar
21:29 Scale Barding Armor
25:30 Castle Age
24:51 Double-Bit Axe
25:34 Capped Ram
25:36 Long Swordsman
26:18 Light Cavalry
28:48 Squires
29:50 Gold Mining
35:37 Steppe Husbandry
38:41 Imperial Age
40:36 Wheelbarrow
42:04 Siege Ram
45:09 Two-Handed Swordsman
49:56 Champion
53:56 Hoardings
53:43 Conscription
56:22 Onager
57:30 Elite Kipchak
58:56 Cavalier
aracelly.barahona
2:09 Loom
16:40 Feudal Age
18:32 Wheelbarrow
17:42 Town Watch
19:13 Horse Collar
19:22 Double-Bit Axe
20:32 Forging
20:23 Scale Mail Armor
20:23 Padded Archer Armor
20:14 Fletching
22:00 Man-at-Arms
22:28 Arson
28:02 Castle Age
30:09 Hand Cart
30:41 Town Patrol
35:28 Imperial Age
33:54 Masonry
33:51 Heavy Plow
34:04 Bow Saw
33:56 Crossbowman
33:57 Elite Skirmisher
38:14 Ballistics
38:00 Siphons
38:56 Chemistry
38:13 Bodkin Arrow
41:22 Squires
40:43 Pikeman
43:19 Architecture
42:37 Arrowslits
45:57 Iron Casting
45:37 Chain Mail Armor
45:09 Long Swordsman
47:32 Two-Handed Swordsman
56:34 Wagenburg Tactics
58:23 Arbalester
58:38 Houfnice
Paradox™
0:26 Loom
12:49 Feudal Age
17:11 Castle Age
15:17 Double-Bit Axe
15:15 Horse Collar
20:54 Gold Mining
21:17 Bow Saw
21:38 Heavy Plow
23:17 Stone Mining
28:07 Ironclad
28:15 Forging
28:13 Scale Barding Armor
30:13 Bloodlines
34:49 Ballistics
34:40 Fortified Wall
36:21 Heated Shot
37:50 Wheelbarrow
41:56 Masonry
44:41 Imperial Age
42:57 Hand Cart
43:52 Iron Casting
43:40 Chain Barding Armor
43:21 Scale Mail Armor
47:05 Two-Man Saw
46:38 Crop Rotation
47:12 Chemistry
46:24 Masonry
46:20 Siege Engineers
49:07 Blast Furnace
48:23 Chain Mail Armor
48:44 Plate Barding Armor
47:36 Cavalier
47:39 Crossbowman
47:42 Elite Skirmisher
49:51 Fletching
50:02 Padded Archer Armor
50:41 Conscription
53:07 Plate Mail Armor
52:43 Caravan
56:38 Pikeman
57:04 Gambesons
57:19 Squires
Connection lost

Rejoining the realm…

Still unreachable

The connection could not be restored.

Session expired

The server has moved on; the page needs a fresh start.